 Dungeon Crawl Stone Soup version 0.30-a0-1082-g70414cbcbb (webtiles) character file.

Game seed: 10745189656751725973

2 jimonade the Grasshopper (level 1, 0/19 HPs)
             Began as a Naga Warper on Apr 16, 2023.
             Slain by a giant cockroach (2 damage)
             ... on level 1 of the Dungeon.
             The game lasted 00:00:17 (87 turns).

jimonade the Grasshopper (Naga Warper)                Turns: 87, Time: 00:00:18

Health: 0/19       AC:  1    Str: 13    XL:     1   Next: 40%
Magic:  3/3        EV:  9    Int: 13    God:
Gold:   0          SH:  0    Dex: 10    Spells: 4/4 levels left

rFire   . . .      SeeInvis +    a - +0 falchion
rCold   . . .      Faith    .    (no shield)
rNeg    . . .      Spirit   .    b - +0 leather armour
rPois   +          Reflect  .    (no helmet)
rElec   .          Rampage  .    (no cloak)
rCorr   .                        (no gloves)
Will    .....                    (no barding)
Stlth   +                        (no amulet)
HPRegen 0.23/turn                (no ring)
MPRegen 0.08/turn                (no ring)

@: very slow
A: AC +0, large, see invisible, deformed body, poison resistance, slowness 2,
spit poison 1, naga tail 1
a: Spit Poison


You were on level 1 of the Dungeon.
You visited 1 branch of the dungeon, and saw 1 of its levels.

Inventory:

Hand Weapons
 a - a +0 falchion (weapon)
Missiles
 d - 7 boomerangs of dispersal (quivered)
Armour
 b - a +0 leather armour (worn)
Scrolls
 c - a scroll of blinking
 e - a scroll of noise {unknown}
 f - a scroll of enchant weapon {unknown}


   Skills:
 + Level 2.0 Fighting
 + Level 2.0 Long Blades
 + Level 0.8 Throwing
 + Level 0.7 Armour
 + Level 1.5 Dodging
 + Level 2.1 Spellcasting
 * Level 3.1 Translocations


You had 4 spell levels left.
You didn't know any spells.
Your spell library contained the following spells:

 Spells                   Type           Power      Damage    Failure   Level
 Blink                    Tloc           18%        N/A       14%         2
 Lesser Beckoning         Tloc           18%        N/A       14%         2
 Teleport Other           Tloc           9%         N/A       26%         3
 Vhi's Electric Charge    Tloc/Air       10%        N/A       45%         3
 Manifold Assault         Tloc           9%         N/A       65%         4


Dungeon Overview and Level Annotations

Branches:
Dungeon (1/15)

Altars:


Innate Abilities, Weirdness & Mutations

Your serpentine skin is tough. (AC +0)
You have supernaturally acute eyesight. (SInv)
Armour fits poorly on your strangely shaped body.
Your system is resistant to poisons. (rPois)
You cover ground very slowly.
You can spit poison.
You have a snake-like lower body.


Message History

The endoplasm quivers.
The endoplasm hits you.
You barely miss the endoplasm. The endoplasm closely misses you.
You hit the endoplasm.
The endoplasm is severely wounded.
The endoplasm closely misses you.
You barely miss the endoplasm.
The endoplasm is severely wounded.
The endoplasm hits you.
You hit the endoplasm.
You kill the endoplasm!
Found a scroll labelled AFAT VIDOXYMPA.
e - a scroll labelled YBUBYN NOPSIL
There are no items here.
HP restored.
f - a scroll labelled AFAT VIDOXYMPA A hobgoblin comes into view.
The hobgoblin shouts!
You hear a shout!
A kobold comes into view. It is wielding a +0 short sword.
The kobold shouts!
You hit the hobgoblin.
The hobgoblin is severely wounded.
The hobgoblin hits you.
A giant cockroach comes into view.
You hit the hobgoblin.
The hobgoblin is almost dead.
The kobold barely misses you. The hobgoblin hits you.
You hit the hobgoblin.
You kill the hobgoblin!
The kobold hits you with a +0 short sword. x2
* * * LOW HITPOINT WARNING * * *
You are too injured to fight recklessly!
You barely miss the kobold.
The kobold hits you with a +0 short sword.
* * * LOW HITPOINT WARNING * * *
You closely miss the kobold. The kobold completely misses you.
You hit the kobold.
You kill the kobold!
The giant cockroach bites you.
You die...

.......####.##
.............# .#
.............# .#
.............# .#
.......####.# .#
.......####.#####.#####
.......................
######.####.#......#####
.....#.# #.....@......#
####.#.# #.#.##B..###.#
#..#.# #.#.##...#
###.##.####.#.##...#
............#.##...#
######.####.#.##....
##### # #.#.##...##
..~~## .........# ~.=~~#
..#


You could see a giant cockroach.

Vanquished Creatures
  An endoplasm (D:1)
  A hobgoblin (D:1)
  A kobold (D:1)
3 creatures vanquished.

Notes
Turn   | Place    | Note
-------+----------+-------------------------------------------
     0 | D:1      | jimonade the Naga Warper began the quest for the Orb.
     0 | D:1      | Reached XP level 1. HP: 19/19 MP: 3/3
    87 | D:1      | Slain by a giant cockroach

Illustrated notes

Levels and vault maps discovered:
D:1:      psy_arrival_whirlpool, layout_basic, serial_shops, shop,
          minmay_tromino_v7

Action                     || total
---------------------------++-------
  Melee: Falchion          ||    10
  Dodge: Dodged            ||     4

Table legend: (Time is in decaauts)
 A = Elapsed time spent in this place.
 B = Non-inter-level travel time spent in this place.
 C = Inter-level travel time spent in this place.
 D = Time resting spent in this place.
 E = Time spent auto-exploring this place.
 F = Levels seen in this place.
 G = Mean time per level.
                   A        B        C        D        E       F      G
               +--------+--------+--------+--------+--------+-----+--------+
         Total |    116 |    116 |      0 |      0 |     74 |   1 |  116.0 |
       Dungeon |    116 |    116 |      0 |      0 |     74 |   1 |  116.0 |
               +--------+--------+--------+--------+--------+-----+--------+

Top non-repeatable levels by time:
     D:1: 116 daAuts
